 Dungeon Sprint DCSS version 0.23.2-30-g0e89c35649 (webtiles) character file.

Game seed: 7479722537677491512

7328 Kobolds4U the Fencer (level 10, -2/107 HPs)
             Began as a Minotaur Fighter on June 10, 2019.
             Was a High Priest of Okawaru.
             Slain by a ghost moth (13 damage)
             ... while paralysed by a floating eye
             ... in the Dungeon (Sprint I: "Red Sonja").
             The game lasted 00:08:37 (2989 turns).

Kobolds4U the Fencer (Minotaur Fighter)             Turns: 2989, Time: 00:08:38

Health: -2/107     AC: 12    Str: 20 (21) XL:     10   Next: 90%
Magic:  0/16       EV:  2    Int:  5      God:    Okawaru [*****.]
Gold:   1093       SH:  0    Dex: 12 (13) Spells: 9/9 levels left

rFire    . . .     SeeInvis .   g - +0 great sword
rCold    . . .     Gourm    .   (shield currently unavailable)
rNeg     . . .     Faith    .   b - +0 scale mail
rPois    .         Spirit   .   (helmet restricted)
rElec    .         Reflect  .   (no cloak)
rCorr    .         Harm     .   (no gloves)
MR       .....     NoTele   +   j - +1 pair of boots
Stlth    ..........             (no amulet)
HPRegen  0.27/turn              (no ring)
MPRegen  0.15/turn              (no ring)

@: paralysed, lethally poisoned (-2 -> -34)
A: retaliatory headbutt, horns 2
a: Heroism, Finesse, Renounce Religion


You were in the Dungeon.
You worshipped Okawaru.
Okawaru was extremely pleased with you.
You were not hungry.

You visited 1 branch You collected 1138 gold pieces.
You spent 45 gold pieces at shops.

Inventory:

Hand Weapons
 a - a +0 long sword
 g - a +0 great sword (weapon)
Missiles
 d - 7 javelins of returning (quivered)
Armour
 b - a +0 scale mail (worn)
 j - a +1 pair of boots (worn)
 m - the +1 robe "Zaad" {+Inv rF+ rN+ Str+3}
   (Okawaru gifted it to you in the Dungeon)

   It affects your strength (+3).
   It protects you from fire.
   It protects you from negative energy.
   It lets you turn invisible.
Scrolls
 k - a scroll of blinking
Potions
 c - a potion of agility
 e - 4 potions of curing
 h - a potion of ambrosia
 i - 2 potions of magic


   Skills:
 + Level 15.8 Fighting
 + Level 16.6 Long Blades
 * Level 4.8 Throwing
 + Level 13.5 Armour
   Level 10.1 Shields
 - Level 10.1 Invocations


You had 9 spell levels left.
You didn't know any spells.
Your spell library was empty.

Dungeon Overview and Level Annotations

Branches:
Dungeon (1/1)

Altars:
Cheibriados
Dithmenos
Elyvilon
Fedhas
Gozag
Hepliaklqana
Kikubaaqudgha
Makhleb
Nemelex Xobeh
Okawaru
Qazlal
Ru
Sif Muna
Trog
Uskayaw
Vehumet
Wu Jian
Xom
Yredelemnul
Zin
The Shining One
Jiyva
Lugonu

Shops:
D :%[


Innate Abilities, Weirdness & Mutations

You reflexively headbutt those who attack you in melee.
You have a pair of horns on your head.


Message History

Something hits you!
* * * LOW HITPOINT WARNING * * *
Something completely misses you.
Something stings you but does no damage.
You hit something but do no damage. Your headbutt misses something.
* * * LOW HITPOINT WARNING * * *
You feel very sick.
The floating eye gazes piercingly through you!
You suddenly lose the ability to move!
Something hits you!
* * * LOW HITPOINT WARNING * * *
Something hits you but does no damage.
Something stings you but does no damage.
* * * LOW HITPOINT WARNING * * *
You feel very sick.
You feel you are being watched by something.
You feel your power leaking away. Something hits you!
* * * LOW HITPOINT WARNING * * *
Something hits you!
You die...

#####################
..#..#.§§§§§§§§§@{G$#
..##'#§####§.§§§##$.+
..'..#.# ##§§§## ##
###§§'.# ###+#
.##+#### .# .# '###
.'.#


You could see a floating eye.

Vanquished Creatures
  2 centaur warriors (D)
  A deep troll (D)
  A lindwurm (D)
  An oklob plant (D)
  2 kobold demonologists (D)
  4 demonic crawlers (D)
  A hornet (D)
  A slime creature (D)
  Sigmund (D)
  2 redbacks (D)
  13 hogs (D)
  A yak (D)
  A floating eye (D)
  An ogre (D)
  A jelly (D)
  Ijyb (D)
  7 ballistomycetes (D)
41 creatures vanquished.

Vanquished Creatures (others)
  Sonja (D)
  A gargoyle (D)
  2 ballistomycete spores (D)
4 creatures vanquished.

Grand Total: 45 creatures vanquished

Notes
Turn   | Place    | Note
-------+----------+-------------------------------------------
     0 | D        | Kobolds4U the Minotaur Fighter began the quest for the Orb.
     0 | D        | Reached XP level 1. HP: 19/19 MP: 0/0
     1 | D        | Noticed Ijyb
    52 | D        | Killed Ijyb
    52 | D        | Reached skill level 5 in Fighting
    52 | D        | Reached skill level 4 in Long Blades
    52 | D        | Reached skill level 5 in Armour
    52 | D        | Reached skill level 5 in Shields
    52 | D        | Reached XP level 2. HP: 26/29 MP: 1/1
    85 | D        | Noticed an ogre
    88 | D        | Killed an ogre
    88 | D        | Reached skill level 5 in Long Blades
    88 | D        | Reached XP level 3. HP: 38/38 MP: 2/2
    88 | D        | Reached XP level 4. HP: 45/45 MP: 3/3
    92 | D        | Noticed Sigmund
    98 | D        | Killed Sigmund
    98 | D        | Reached skill level 7 in Long Blades
    98 | D        | Reached XP level 5. HP: 44/53 MP: 4/4
    98 | D        | Reached XP level 6. HP: 51/61 MP: 5/5
   106 | D        | Found a deep blue altar of Sif Muna.
   107 | D        | Found an ornate altar of the Wu Jian Council.
   108 | D        | Found a radiant altar of Vehumet.
   110 | D        | Reached skill level 8 in Long Blades
   114 | D        | Found Gejeur's Food Emporium.
   114 | D        | Found an ancient bone altar of Kikubaaqudgha.
   114 | D        | Found a hazy altar of Hepliaklqana.
   114 | D        | Found a stormy altar of Qazlal.
   114 | D        | Found a hide-covered altar of Uskayaw.
   114 | D        | Found a blossoming altar of Fedhas.
   114 | D        | Found a bloodstained altar of Trog.
   114 | D        | Found an iron altar of Okawaru.
   114 | D        | Found a basalt altar of Yredelemnul.
   114 | D        | Found a glowing golden altar of the Shining One.
   114 | D        | Found a snail-covered altar of Cheibriados.
   114 | D        | Found a sacrificial altar of Ru.
   114 | D        | Found a glowing silver altar of Zin.
   114 | D        | Found a shadowy altar of Dithmenos.
   114 | D        | Found a white marble altar of Elyvilon.
   114 | D        | Noticed a yak
   116 | D        | Killed a yak
   116 | D        | Reached skill level 9 in Long Blades
   117 | D        | Found an opulent altar of Gozag.
   118 | D        | Found a sparkling altar of Nemelex Xobeh.
   129 | D        | Found a viscous altar of Jiyva.
   129 | D        | Found a corrupted altar of Lugonu.
   129 | D        | Noticed a slime creature
   130 | D        | Found a burning altar of Makhleb.
   130 | D        | Found a shimmering altar of Xom.
   135 | D        | Killed a slime creature
   135 | D        | Reached skill level 10 in Fighting
   135 | D        | Reached skill level 10 in Armour
   135 | D        | Reached skill level 10 in Shields
   135 | D        | Reached XP level 7. HP: 47/72 MP: 6/6
   175 | D        | Became a worshipper of Warmaster Okawaru
   366 | D        | Noticed a centaur warrior
   366 | D        | Noticed a centaur warrior
   383 | D        | Killed a centaur warrior
   383 | D        | Reached * piety under Okawaru
   383 | D        | Reached skill level 13 in Long Blades
   383 | D        | Reached XP level 8. HP: 66/83 MP: 7/7
   390 | D        | Killed a centaur warrior
   390 | D        | Reached ** piety under Okawaru
   390 | D        | Reached skill level 14 in Long Blades
   643 | D        | Noticed a hornet
   648 | D        | Killed a hornet
   648 | D        | Reached skill level 15 in Long Blades
   648 | D        | Reached XP level 9. HP: 71/93 MP: 8/8
   831 | D        | Noticed an oklob plant
   846 | D        | Killed an oklob plant
  1065 | D        | Reached *** piety under Okawaru
  1070 | D        | Reached skill level 5 in Invocations
  1311 | D        | Noticed a deep troll
  1327 | D        | Killed a deep troll
  1343 | D        | Found Busas's Armour Emporium.
  1347 | D        | Bought a +0 pair of boots for 45 gold pieces
  1535 | D        | Noticed Sonja
  1707 | D        | Killed Sonja
  1741 | D        | Found Aleruont's Book Boutique.
  1859 | D        | Killed a gargoyle
  2017 | D        | Noticed a kobold demonologist
  2017 | D        | Noticed a kobold demonologist
  2018 | D        | Paralysed by a floating eye for 2 turns
  2020 | D        | Noticed a smoke demon
  2024 | D        | Killed a kobold demonologist
  2024 | D        | Reached XP level 10. HP: 102/104 MP: 13/15
  2027 | D        | Reached **** piety under Okawaru
  2052 | D        | Reached skill level 15 in Fighting
  2371 | D        | Noticed a lindwurm
  2377 | D        | Killed a lindwurm
  2377 | D        | Reached ***** piety under Okawaru
  2377 | D        | Reached skill level 16 in Long Blades
  2644 | D        | Received a gift from Okawaru
  2644 | D        | Reached skill level 10 in Invocations
  2656 | D        | Reached skill level 1 in Throwing
  2670 | D        | Received a gift from Okawaru
  2682 | D        | Received a gift from Okawaru
  2694 | D        | Got a smoking robe {god gift}
  2705 | D        | Identified the +1 robe "Zaad" {+Inv rF+ rN+ Str+3} (Okawaru
                  | gifted it to you in the Dungeon)
  2979 | D        | Noticed a 12-headed hydra
  2980 | D        | a 12-headed hydra changed into something unseen
  2980 | D        | Paralysed by a floating eye for 4 turns
  2988 | D        | Paralysed by a floating eye for 4 turns
  2989 | D        | Slain by a ghost moth

Skill      XL: |  1  2  3  4  5  6  7  8  9 10 |
---------------+-------------------------------+-----
Fighting       | 5 6 8 10 11 13 14 15 | 15.8
Long Blades    | 4 5 7 9 13 15 16 | 16.6
Armour         | 5 6 8 10 11 13 | 13.5
Shields        | 5 6 8 10 | 10.1
Invocations    | 8 10 | 10.1
Throwing       | 4 |  4.8

Action                   |  1- 3 |  4- 6 |  7- 9 | 10-12 || total
-------------------------+-------+-------+-------+-------++-------
Melee: Unarmed           |    24 |       |       |       ||    24
       Long sword        |    17 |    13 |    76 |       ||   106
       Headbutt          |     3 |     5 |    30 |    22 ||    60
       Great sword       |       |       |     5 |    66 ||    71
Invok: Heroism           |       |       |       |     1 ||     1
Evoke: Wand              |       |       |       |     1 ||     1
  Use: Potion            |     1 |       |     3 |       ||     4
       Scroll            |       |       |     4 |     1 ||     5
  Eat: Chunk             |       |       |     2 |     1 ||     3
       Ration            |       |       |       |     1 ||     1
Armor: Skin              |     7 |       |       |       ||     7
       Scale mail        |     2 |     1 |    16 |    52 ||    71
Dodge: Dodged            |     8 |     4 |    14 |    33 ||    59
Block: Shield            |     7 |     2 |    24 |       ||    33
       Rpst.: Long sword |       |     2 |     3 |       ||     5
       Great sword       |       |       |       |     5 ||     5
